cohdb
Replays
Latest Replays
All Replays
Popular Replays
Top Player Replays
Match Explorer
How It Works
Community
CoH3 Stats
Reddit
Sign in to upload your games and track your stats! →
Sign in with Steam
Match 42806033
Unlisted
Match 42806033
Overview
Messages
Build Orders
End
Royal Engineer Section
Construct Section Command Post
Dingo Light Scout Car
Infantry Section
Infantry Section
Grenade Package
Selects Canadian Shock Battlegroup
Selects Incendiary Munitions
Construct Field Infirmary
Selects Attacking Spirit
Selects Canadian Shock Section
Canadian Shock Section
Construct Platoon Command Post
Humber Armored Car
6-pounder Anti-tank Gun Team
Infantry Section
Canadian Shock Section
Construct Company Command Post
Selects Pyrotechnics
Matilda II Heavy Tank
Matilda II Heavy Tank
Selects Churchill Crocodile Heavy Tank
Vickers Machine Gun Team
Churchill Crocodile Heavy Tank
6-pounder Anti-tank Gun Team
Crusader II Medium Tank
DeadPhoenix
Zleg
Nuba
IronDragon
skyhawkfranky
Cicero_540
0
0
Comments
sign in to comment!
No comments posted yet!